 Dungeon Sprint DCSS version 0.22.1-1-ga44c0e56f4 (webtiles) character file.

1815 MuseOD the Unseen (level 8, 0/46 HPs)
             Began as a Spriggan Enchanter on Sept 29, 2018.
             Was a Priest of Dithmenos.
             Slain by a redback (13 damage)
             ... in the Dungeon (Sprint III: "The Ten Rune Challenge").
             The game lasted 00:03:55 (1478 turns).

MuseOD the Unseen (Spriggan Enchanter)              Turns: 1478, Time: 00:03:56

Health: 0/46       AC:  2    Str:  4    XL:     8   Next: 85%
Magic:  9/19       EV: 18    Int: 19    God:    Dithmenos [***...]
Gold:   41         SH:  0    Dex: 16    Spells: 12/21 levels left

rFire    . . .     SeeInvis +   c - +0 dagger (elec)
rCold    . . .     Gourm    .   (shield restricted)
rNeg     . . .     Faith    .   b - +0 robe
rPois    .         Spirit   .   (helmet restricted)
rElec    .         Reflect  .   (no cloak)
rCorr    .         Harm     .   (gloves unavailable)
MR       +....     NoTele   +   (boots unavailable)
Stlth    +++++++++.             (no amulet)
HPRegen  0.15/turn              (no ring)
MPRegen  0.16/turn              (no ring)

@: lethally poisoned (0 -> -24), wreathed by umbra, very quick
A: very small, unfitting armour, see invisible, herbivore, speed 3, slow
metabolism 2
a: Shadow Step, Renounce Religion


You were in the Dungeon.
You worshipped Dithmenos.
Dithmenos was most pleased with you.
You were not hungry.

You visited 1 branch You collected 41 gold pieces.

Inventory:

Hand Weapons
 a - a +1 dagger
 c - a +0 dagger of electrocution (weapon)
 q - a +1 dagger of venom
Armour
 b - a +0 robe (worn)
Scrolls
 j - a scroll of blinking
 k - a scroll of holy word {unknown}
 l - 3 scrolls of identify {unknown}
 n - a scroll of immolation {unknown}
 o - a scroll of remove curse {unknown}
Potions
 e - a potion of curing
 f - a potion of heal wounds
 g - a potion of haste
 h - 2 potions of magic
 i - 2 potions of berserk rage
 m - 7 potions of mutation
 p - 2 potions of flight
 r - a potion of might
Comestibles
 d - 4 rations


   Skills:
 - Level 7.2 Fighting
 - Level 13.1 Short Blades
 - Level 3.0 Dodging
 + Level 15.6 Stealth
 + Level 7.3 Spellcasting
 + Level 7.6 Hexes


You had 12 spell levels left.
You knew the following spells:

 Your Spells              Type           Power        Failure   Level  Hunger
a - Corona                Hex            #####..      1%          1    None
b - Ensorcelled Hibernat  Hex/Ice        ###...       3%          2    None
c - Confuse               Hex            #####...     1%          3    #......
d - Dazzling Spray        Conj/Hex       ###...       6%          3    #......

Your spell library contained the following spells:

 Spells                   Type           Power        Failure   Level  Hunger
 Confusing Touch          Hex            #####.       1%          1    None
 Tukima's Dance           Hex            #####...     1%          3    #......
 Animate Skeleton         Necr           N/A          10%         1    None
 Apportation              Tloc           #.....       10%         1    None
 Summon Small Mammal      Summ           #...         10%         1    None


Dungeon Overview and Level Annotations

Branches:
Dungeon (1/1)

Altars:
Cheibriados
Dithmenos
Elyvilon
Fedhas
Gozag
Hepliaklqana
Kikubaaqudgha
Makhleb
Nemelex Xobeh
Okawaru
Qazlal
Ru
Sif Muna
Trog
Uskayaw
Vehumet
Wu Jian
Xom
Yredelemnul
Zin
The Shining One
Beogh
Jiyva
Lugonu

Annotations:
D Erolcha


Innate Abilities, Weirdness & Mutations

You are very small and have problems with some larger weapons.
You are too small for most types of armour.
You have supernaturally acute eyesight. (SInv)
You are a herbivore.
You cover ground extremely quickly.
You need to consume almost no food.


Message History

The redback closely misses the two-headed ogre.
You hit the redback.
The redback is severely wounded.
You feel sick.
You catch the helpless redback completely off-guard!
You stick the redback like a pincushion!!!
Lightning courses through the redback!
You kill the redback!
Dithmenos accepts your kill.
Your Spellcasting skill increases to level 7!
You feel sick.
Casting: Confuse (safe; 1% risk of failure)
Confirm with . or Enter, or press ? or * to list all spells.
Aiming: Confuse (safe; 1% risk of failure)
Press: ? - help, Shift-Dir - straight line, f - redback
Aim: a redback (clinging, umbra, chance to defeat MR: 64%)
The redback struggles to resist.
* * * LOW HITPOINT WARNING * * *
You feel sick. The redback bites you!
You die...

#'## ...# ...# ##'#
...#+############## ###
...#....#)#)#)....# ....
...##.#.)#.##.###.# .....
...'##.#.#.##.#.†##......
...#...#..#..##.@sOO.....
▓▓▓▓▓▓▓▓▓▓▓▓▓▓▓▓▓#.......
....... ....... .......
#+#####


You could see a two-headed ogre, Erolcha and a redback.

Vanquished Creatures
  A deep elf mage (D)
  A shadow (D)
  A redback (D)
  A necrophage (D)
  4 two-headed ogres (D)
  A water elemental (D)
  A jelly (D)
  A wizard (D)
  Jessica (D)
  A necromancer (D)
  3 humans (D)
  A kobold demonologist (D)
  A wolf (D)
  An ooze (D)
  2 rats (D)
21 creatures vanquished.

Vanquished Creatures (others)
  2 draconian scorchers (D)
  6 hellions (D)
  A yaktaur (D)
  4 plants (D)
13 creatures vanquished.

Grand Total: 34 creatures vanquished

Notes
Turn   | Place    | Note
-------+----------+-------------------------------------------
     0 | D        | MuseOD the Spriggan Enchanter began the quest for the Orb.
     0 | D        | Reached XP level 1. HP: 9/9 MP: 5/5
    20 | D        | Reached skill level 1 in Fighting
    20 | D        | Reached skill level 5 in Stealth
    92 | D        | Killed a hellion
   114 | D        | Noticed Jessica
   115 | D        | Killed a hellion
   116 | D        | Killed a hellion
   117 | D        | Killed Jessica
   117 | D        | Reached skill level 6 in Stealth
   117 | D        | Reached XP level 2. HP: 15/15 MP: 6/6
   117 | D        | Reached XP level 3. HP: 18/18 MP: 8/8
   117 | D        | Killed a hellion
   117 | D        | Killed a hellion
   137 | D        | Learned a level 2 spell: Ensorcelled Hibernation
   141 | D        | Learned a level 3 spell: Confuse
   150 | D        | Reached skill level 5 in Short Blades
   150 | D        | Reached skill level 7 in Stealth
   159 | D        | Killed a white draconian scorcher
   198 | D        | Killed a hellion
   206 | D        | Killed a white draconian scorcher
   414 | D        | Noticed a water elemental
   416 | D        | Killed a water elemental
   416 | D        | Reached skill level 8 in Stealth
   416 | D        | Reached XP level 4. HP: 25/25 MP: 9/9
   424 | D        | Found a basalt altar of Yredelemnul.
   424 | D        | Found a shadowy altar of Dithmenos.
   424 | D        | Found a sacrificial altar of Ru.
   424 | D        | Noticed a necrophage
   426 | D        | Reached skill level 9 in Stealth
   426 | D        | Reached XP level 5. HP: 29/29 MP: 10/10
   427 | D        | Killed a necrophage
   427 | D        | Reached skill level 10 in Stealth
   434 | D        | Became a worshipper of Dithmenos the Shadowed
   436 | D        | Killed a yaktaur
   442 | D        | Found a glowing silver altar of Zin.
   442 | D        | Found a glowing golden altar of the Shining One.
   442 | D        | Found a white marble altar of Elyvilon.
   442 | D        | Noticed a deep elf mage
   445 | D        | Killed a deep elf mage
   445 | D        | Reached skill level 12 in Stealth
   445 | D        | Reached XP level 6. HP: 37/37 MP: 11/11
   445 | D        | Reached XP level 7. HP: 41/41 MP: 12/12
   452 | D        | Found a radiant altar of Vehumet.
   452 | D        | Found a deep blue altar of Sif Muna.
   452 | D        | Found an ancient bone altar of Kikubaaqudgha.
   456 | D        | Reached * piety under Dithmenos
   494 | D        | Found a hide-covered altar of Uskayaw.
   494 | D        | Found a roughly hewn altar of Beogh.
   494 | D        | Found an iron altar of Okawaru.
   494 | D        | Found a bloodstained altar of Trog.
   494 | D        | Found an ornate altar of the Wu Jian Council.
   494 | D        | Noticed a human
   495 | D        | Noticed a human
   497 | D        | Killed a human
   497 | D        | Reached skill level 13 in Stealth
   498 | D        | Killed a human
   510 | D        | Noticed a shadow
   512 | D        | Killed a shadow
   512 | D        | Reached ** piety under Dithmenos
   512 | D        | Reached skill level 14 in Stealth
   512 | D        | Reached XP level 8. HP: 46/46 MP: 12/15
   525 | D        | Reached skill level 5 in Hexes
   527 | D        | Reached skill level 5 in Spellcasting
   532 | D        | Reached *** piety under Dithmenos
   535 | D        | Noticed a two-headed ogre
   538 | D        | Killed a two-headed ogre
   538 | D        | Reached skill level 15 in Stealth
   542 | D        | Noticed a two-headed ogre
   542 | D        | Noticed Erolcha
  1006 | D        | Found a blossoming altar of Fedhas.
  1007 | D        | Found a stormy altar of Qazlal.
  1011 | D        | Found a snail-covered altar of Cheibriados.
  1011 | D        | Found a burning altar of Makhleb.
  1011 | D        | Found a hazy altar of Hepliaklqana.
  1011 | D        | Found a shimmering altar of Xom.
  1011 | D        | Found an opulent altar of Gozag.
  1011 | D        | Found a sparkling altar of Nemelex Xobeh.
  1011 | D        | Found a corrupted altar of Lugonu.
  1011 | D        | Found a viscous altar of Jiyva.
  1220 | D        | Learned a level 3 spell: Dazzling Spray
  1478 | D        | Slain by a redback

Skill      XL: |  1  2  3  4  5  6  7  8 |
---------------+-------------------------+-----
Fighting       | 2 3 4 6 7 |  7.2
Short Blades   | 4 7 12 13 | 13.1
Stealth        | 6 8 9 12 14 15 | 15.6
Spellcasting   | 4 7 |  7.3
Hexes          | 4 7 |  7.6
Dodging        | |  3.0

Action                   |  1- 3 |  4- 6 |  7- 9 || total
-------------------------+-------+-------+-------++-------
Melee: Dagger            |    23 |     3 |    25 ||    51
 Cast: Ensorcelled Hiber |     4 |       |     2 ||     6
       Confuse           |     2 |       |     8 ||    10
       Dazzling Spray    |       |       |    11 ||    11
 Stab: Sleeping          |     4 |     3 |    10 ||    17
       Confused          |       |       |     1 ||     1
Armor: Robe              |     2 |       |       ||     2
Dodge: Dodged            |    22 |       |     7 ||    29
